 Dungeon Crawl Stone Soup version 0.17-a0-1176-g3d5a0d0 (webtiles) character file.

2 Gorice the Covered (level 1, 0/13 HPs)
             Began as a Vampire Wanderer on May 30, 2015.
             Slain by a giant gecko (4 damage)
             ... on level 1 of the Dungeon.
             The game lasted 00:02:05 (158 turns).

Gorice the Covered (Vampire Wanderer)                Turns: 158, Time: 00:02:05

Health: 0/13       AC:  2    Str: 10    XL:     1   Next: 33%
Magic:  1/1        EV: 12    Int: 16    God:
Gold:   0          SH:  0    Dex: 12    Spells: 0 memorised, 0 levels left

rFire  . . .     SeeInvis +       - Unarmed
rCold  . . .     Clarity  .     d - +0 robe
rNeg   + . .     SustAt   .     (no shield)
rPois  .         Gourm    .     (no helmet)
rElec  .         Spirit   .     (no cloak)
rCorr  .         Warding  .     (no gloves)
rMut   .         Stasis   .     (no boots)
MR     .....                    (no amulet)
Stlth  ++........               (no ring)
                                (no ring)

@: not resistant to hostile enchantments, unstealthy
A: fangs 3, see invisible, unbreathing
a: no special abilities


You were on level 1 of the Dungeon.
You were not thirsty.

You visited 1 branch of the dungeon, and saw 1 of its levels.

Inventory:

Hand weapons
 e - a +0 dagger
Missiles
 Z - 4 stones (quivered)
Armour
 d - a +0 robe (worn)
Scrolls
 b - a scroll of teleportation {!r}
Potions
 a - 2 potions of berserk rage
 c - 2 potions of curing
 f - a potion of blood


   Skills:
   Level 1.0 Axes
 - Level 3.2 Armour
 - Level 1.1 Dodging
 - Level 3.0 Stealth
 + Level 2.5 Unarmed Combat


You couldn't memorise any spells.
You didn't know any spells.

Dungeon Overview and Level Annotations

Branches:
Dungeon (1/15)

Altars:


Innate Abilities, Weirdness & Mutations

You have razor-sharp teeth.
You have supernaturally acute eyesight.
You can survive without breathing.


Message History

a dagger; 3 stones
Z - 3 stones (quivered)
Z - 4 stones (gained 1)
You see here a dagger.
c - 2 potions of curing (gained 1)
A goblin comes into view. It is wielding a dagger.
The goblin shouts!
The goblin barely misses you.
You hit the goblin.
The goblin is heavily wounded.
The goblin hits you with a dagger.
Damage: 5 (max 5)
You barely miss the goblin.
The goblin is heavily wounded.
The goblin hits you but does no damage.
You barely miss the goblin. You bite the goblin, but do no damage.
The goblin is heavily wounded.
The goblin barely misses you.
You barely miss the goblin.
The goblin is heavily wounded.
The goblin hits you with a dagger.
Damage: 2 (max 5)
You closely miss the goblin.
The goblin is heavily wounded.
The goblin hits you but does no damage.
You closely miss the goblin. Your punch misses the goblin.
The goblin is heavily wounded.
The goblin barely misses you.
You closely miss the goblin.
The goblin is heavily wounded.
The goblin hits you with a dagger.
A giant gecko comes into view.
Damage: 1 (max 5)
You barely miss the goblin.
The goblin is heavily wounded.
The giant gecko moves out of view.
The goblin hits you with a dagger.
Damage: 1 (max 5)
You closely miss the goblin.
The goblin is heavily wounded.
The goblin hits you but does no damage.
You completely miss the goblin.
The goblin is heavily wounded.
The goblin misses you.
You hit the goblin.
You kill the goblin!
You see here a dagger.
The giant gecko bites you but does no damage.
You miss the giant gecko. The giant gecko barely misses you.
You barely miss the giant gecko. The giant gecko bites you.
You die...

.# #.######.........###.## #.
.#.###.#........#.#........ #
##
.#..............#.........#.#
#
.#####.#............##.......
# )# #.##########.#.##.......
# .# #............#).+.......
# .# #..########....##.......
.# #..########.............
.#####..##.....l@....#.......
.........#...........######.#
######...#..............#
#..................#
#..................#
#...........#.#+####
#....########.# .....# #..
....#


You could see a giant gecko.

Vanquished Creatures
  A goblin (D:1)
  A giant gecko (D:1)
  A kobold (D:1)
3 creatures vanquished.

Notes
Turn   | Place    | Note
--------------------------------------------------------------
     0 | D:1      | Gorice the Vampire Wanderer began the quest for the Orb.
     0 | D:1      | Gorice set off with: 2 potions of berserk rage, a scroll of teleportation {!r}, a potion of curing, a +0 robe, a +0 dagger, a potion of blood
     0 | D:1      | Reached XP level 1. HP: 13/13 MP: 1/1
   158 | D:1      | Slain by a giant gecko

Vault maps used:
D:1:      eino_arrival_druids_welcome

Action                   || total
-------------------------++-------
Melee: Unarmed           ||    21

Table legend:
 A = Turns spent in this place as a percentage of turns spent in the entire game.
 B = Non-inter-level travel turns spent in this place as a percentage of non-inter-level travel turns spent in the entire game.
 C = Inter-level travel turns spent in this place as a percentage of turns spent in this place.
 D = Turns resting spent in this place as a percentage of non-inter-level travel turns spent in this place.
 E = Turns spent auto-exploring this place as a percentage of non-inter-level travel turns spent in this place.
 F = Non-inter-level travel turns spent in this place divided by the number of levels of this place that you've seen.
                   A       B       C       D       E      F
               +-------+-------+-------+-------+-------+----------------------
         Total | 100.0 | 100.0 |   0.0 |   0.0 |   6.7 |  60.0
       Dungeon | 100.0 | 100.0 |   0.0 |   0.0 |   6.7 |  60.0
               +-------+-------+-------+-------+-------+----------------------

Vault maps used:
D:1:      eino_arrival_druids_welcome
